 Dungeon Crawl Stone Soup version 0.24-b1 (webtiles) character file.

Game seed: 11156327050833354903, levelgen mode: deterministic

10537 Chiseanne the Nimble (level 11, -2/78 HPs)
             Began as a Halfling Chaos Knight on Oct 13, 2019.
             Was a Plaything of Xom.
             Killed from afar by a raiju (17 damage)
             ... with a living lightning
             ... on level 3 of the Abyss.
             The game lasted 00:28:21 (10112 turns).

Chiseanne the Nimble (Halfling Chaos Knight)       Turns: 10112, Time: 00:28:22

Health: -2/78      AC: 18    Str: 19    XL:     11   Next: 94%
Magic:  18/18      EV: 13    Int: 18    God:    Xom [..*...]
Gold:   65         SH:  0    Dex: 15    Spells: 9/10 levels left

rFire    . . .     SeeInvis .   s - +8 falchion of Winter {holy, Str+3}
rCold    + . .     Gourm    .   (shield restricted)
rNeg     + . .     Faith    +   C - +1 plate armour "Gaifeqeth" {rPois rN+ Int+4 Stlth+} (curse)
rPois    +         Spirit   .   (helmet restricted)
rElec    .         Reflect  .   t - +1 cloak
rCorr    .         Harm     .   N - +1 pair of gloves
MR       +....     Clarity  +   r - +0 pair of boots
Stlth    ..........             v - amulet of faith
HPRegen  0.63/turn              f - +1 ring of evasion
MPRegen  0.16/turn              (no ring)

@: hasted, very quick
A: small, hooves 1, horns 1, clarity, clever 1, cold resistance 1, magic
resistance 1, mutation resistance 1, regeneration 1, strong 1
a: Renounce Religion


You were on level 3 of the Abyss.
You worshipped Xom.
You were a toy of Xom.
You were full.

You visited 1 branch of the dungeon, and saw 10 of its levels.
You visited the Abyss 1 time.

You collected 625 gold pieces.
You spent 560 gold pieces at shops.

Inventory:

Hand Weapons
 a - a +6 quarterstaff of venom
 s - the +8 falchion of Winter (weapon) {holy, Str+3}
   (You found it on level 8 of the Dungeon)

   It has been blessed by the Shining One to cause great damage to the undead
   and demons.
   It affects your strength (+3).
Missiles
 e - 350 stones
 g - 11 boomerangs
 h - 76 sling bullets
 j - 187 arrows
 k - 115 bolts
 p - 47 poisoned darts (quivered)
 q - 4 curare-tipped darts
 J - 6 boomerangs of dispersal
 M - 4 throwing nets
Armour
 n - a +0 helmet
 r - a +0 pair of boots (worn)
 t - a +1 cloak (worn)
 A - a +3 leather armour of poison resistance
 C - the cursed +1 plate armour "Gaifeqeth" (worn) {rPois rN+ Int+4 Stlth+}
   (You bought it in a shop on level 4 of the Dungeon)

   It affects your intelligence (+4).
   It protects you from poison.
   It protects you from negative energy.
   It makes you more stealthy.
   It has a curse placed upon it.
 N - a +1 pair of gloves (worn)
Jewellery
 f - a +1 ring of evasion (left hand)
 v - an amulet of faith (around neck)
 E - an uncursed amulet of magic regeneration
Wands
 u - a wand of random effects (5)
 y - a wand of flame (21)
 F - a wand of digging (2)
 I - a wand of disintegration (27)
 K - a wand of acid (8)
Scrolls
 d - 5 scrolls of remove curse
 l - a scroll of fog
 m - 3 scrolls of amnesia
 G - a scroll of immolation
Potions
 o - 2 potions of flight
 w - 6 potions of curing
 x - a potion of agility
 z - 3 potions of resistance
 B - a potion of ambrosia
 D - 3 potions of lignification
 H - a potion of invisibility {unknown}
 L - 2 potions of brilliance
Miscellaneous
 b - a lamp of fire
Comestibles
 c - 16 rations


   Skills:
 - Level 8.4 Fighting
 - Level 4.8 Long Blades
 - Level 6.8 Staves
 - Level 3.9 Armour
 - Level 9.4 Dodging
 + Level 9.4 Evocations


You had 9 spell levels left.
You knew the following spells:

 Your Spells              Type           Power        Failure   Level  Hunger
a - Sandblast             Erth           #.....       100%        1    ##.....

Your spell library contained the following spells:

 Spells                   Type           Power        Failure   Level  Hunger
 Shock                    Conj/Air       #...         100%        1    ##.....
 Swiftness                Chrm/Air       #.......     100%        2    ###....
 Static Discharge         Conj/Air       #.......     100%        3    ####...
 Airstrike                Air            #.........   100%        4    #####..
 Lightning Bolt           Conj/Air       #.........   100%        5    ######.


Dungeon Overview and Level Annotations

Branches:
Dungeon (10/15)            Temple (0/1) D:4            Lair (0/6) D:9
    Orc (0/2) D:10

Altars:
Cheibriados
Dithmenos
Elyvilon
Gozag
Kikubaaqudgha
Makhleb
Qazlal
Ru
Sif Muna
Trog
Uskayaw
Wu Jian
Xom
Yredelemnul
Zin
The Shining One

Shops:
D:4 [

Annotations:
D:8 3 runed translucent doors


Innate Abilities, Weirdness & Mutations

You are small and have problems with some larger weapons.
You are somewhat resistant to further mutation.
You have large cloven feet.
You have a pair of small horns on your head.
You possess an exceptional clarity of mind.
Your mind is acute. (Int +2)
Your flesh is cold resistant. (rC+)
You are resistant to hostile enchantments. (MR+)
Your natural rate of healing is unusually fast.
Your muscles are strong. (Str +2)


Message History

You can move again.
A starspawn tentacle comes into view.
Xom's power almost touches on you for a moment.
The air around you crackles with energy!
The raiju bursts into living lightning!
The living lightning hits you!!
* * * LOW HITPOINT WARNING * * *
The raiju blinks!
A raiju comes into view.
The raiju barely misses you.
You feel better. The raiju closely misses you.
You feel yourself speed up.
The raiju barks!
The starcursed mass completely misses you.
You riposte.
You hit the starcursed mass. You headbutt the starcursed mass.
The starcursed mass is almost destroyed.
The raiju bursts into living lightning!
The living lightning hits you!
You die...
Xom thinks this is hilarious!

# # .#. ##.##.. #.
# ###.# .#.h...
#.. # #...##. ..##
#. #
#'####.......##h.
..# ...XX.
.####.##..#.. #..
.X.X│. #..X#...
##... .#
#####..#.# .....?
.##..###.##.##.
....
#w..#.#..@......#
.........
.#...h.#..##
..........#..#.#.#
..# #..... ..
..#.##..# ## # ...
.###. # ##. ##
..## # ## ## ####
#. ..# #§. . ...
.§# #... # .


You could see 2 raiju.

Vanquished Creatures
  Erolcha (D:10)
  Harold (D:10)
  A two-headed ogre (D:9)
  A cyclops (D:9)
  A smoke demon (Abyss:3)
  2 hornets
  Prince Ribbit (D:9)
  A wyvern (D:8)
  A shadow (D:9)
  A yak (shapeshifter) (Abyss:3)
  A vampire (D:10)
  Grum (D:10)
  A steam dragon (D:7)
  2 water moccasins
  A soldier ant (D:8)
  A spatial vortex (D:6)
  5 ice beasts
  5 orc warriors
  2 sky beasts
  2 black bears
  4 ogres
  2 centaurs
  6 phantoms
  2 wolves (D:10)
  3 big kobolds
  6 bullfrogs
  4 scorpions
  A small abomination (Abyss:3)
  A water moccasin skeleton (D:7)
  A wyvern skeleton (D:7)
  2 troll zombies (D:10)
  4 killer bees
  An electric eel (D:6)
  2 howler monkeys
  5 crimson imps
  A quasit (D:10)
  A bullfrog skeleton (D:5)
  7 hounds
  4 orc priests
  Crazy Yiuf (D:2)
  An iron imp (D:7)
  3 jellies
  Jessica (D:2)
  3 iguanas
  15 orc wizards
  14 worker ants
  A killer bee zombie (D:9)
  4 ogre zombies (D:10)
  A hound zombie (D:7)
  A howler monkey zombie (D:6)
  A howler monkey skeleton (D:4)
  14 adders
  An adder skeleton (D:6)
  3 worms
  6 leopard geckos
  42 orcs
  A ball python (D:4)
  4 bats
  7 giant cockroaches
  7 goblins
  6 hobgoblins
  11 jackals
  4 quokkas
  A ball python skeleton (D:5)
  2 frilled lizards (D:1)
  2 goblin skeletons (D:10)
  2 hobgoblin zombies (D:10)
  14 kobolds
  An orc skeleton (D:10)
  13 orc zombies (D:10)
  4 rats
  A fungus (D:2)
281 creatures vanquished.

Vanquished Creatures (collateral kills)
  A hippogriff (D:8)
  An orc warrior (D:6)
  An ice beast (D:6)
  A phantom (D:10)
  2 bullfrogs (D:6)
  A hound (D:6)
  A worker ant (D:6)
  2 orcs (D:6)
  An orc zombie (D:10)
11 creatures vanquished.

Vanquished Creatures (others)
  4 orcs (D:8)
  A frilled lizard (D:2)
  8 starspawn tentacles (Abyss:3)
13 creatures vanquished.

Grand Total: 305 creatures vanquished

Notes
Turn   | Place    | Note
-------+----------+-------------------------------------------
     0 | D:1      | Chiseanne the Halfling Chaos Knight began the quest for the
                  | Orb.
     0 | D:1      | Reached XP level 1. HP: 15/15 MP: 1/1
    44 | D:1      | Reached XP level 2. HP: 17/20 MP: 2/2
   231 | D:1      | XOM: cloud trail
   261 | D:1      | Reached XP level 3. HP: 21/26 MP: 3/3
   511 | D:1      | XOM: mild Summ miscast
   852 | D:2      | Found an ornate altar of the Wu Jian Council.
   882 | D:2      | Reached XP level 4. HP: 22/31 MP: 4/4
   905 | D:2      | XOM: god gift: 10 arrows {god gift}
  1144 | D:2      | Noticed Jessica
  1148 | D:2      | Killed Jessica
  1293 | D:2      | Found a white marble altar of Elyvilon.
  1582 | D:2      | Found a glowing silver altar of Zin.
  1582 | D:2      | Found an opulent altar of Gozag.
  1660 | D:2      | Found a runed translucent door.
  1661 | D:2      | Noticed Crazy Yiuf
  1682 | D:2      | Killed Crazy Yiuf
  1682 | D:2      | Reached XP level 5. HP: 21/36 MP: 5/5
  2086 | D:3      | Found a bloodstained altar of Trog.
  2622 | D:4      | XOM: divination: detect items
  2941 | D:4      | Found a staircase to the Ecumenical Temple.
  2959 | D:4      | Found Ocyovvi's Antique Armour Shoppe.
  3037 | D:4      | XOM: scenery: create altars
  3063 | D:4      | Reached XP level 6. HP: 40/43 MP: 6/6
  3069 | D:4      | XOM: give mutations
  3069 | D:4      | Gained mutation: You have large cloven feet. [Xom's grace]
  3069 | D:4      | Gained mutation: You possess an exceptional clarity of
                  | mind. [Xom's grace]
  3069 | D:4      | Gained mutation: Your natural rate of healing is unusually
                  | fast. [Xom's grace]
  3069 | D:4      | Gained mutation: Your flesh is cold resistant. (rC+) [Xom's
                  | grace]
  3094 | D:4      | Reached skill level 1 in Staves
  3145 | D:4      | XOM: fog
  3208 | D:4      | XOM: harmless Air miscast
  3325 | D:4      | XOM: 1-stop teleportation journey
  3382 | D:4      | Noticed an ogre
  3385 | D:4      | XOM: mild Chrm miscast
  3393 | D:4      | Killed an ogre
  3393 | D:4      | Reached XP level 7. HP: 48/48 MP: 7/7
  3394 | D:4      | XOM: polymorph frilled lizard -> ball python
  3441 | D:4      | Found a basalt altar of Yredelemnul.
  3517 | D:4      | XOM: 5-stop teleportation journey
  3533 | D:4      | XOM: blink monster(s)
  3645 | D:4      | Found a hide-covered altar of Uskayaw.
  3730 | D:4      | XOM: noise
  3854 | D:4      | XOM is BORED!
  3903 | D:4      | XOM: mild Tmut miscast
  4054 | D:5      | Entered Level 5 of the Dungeon
  4112 | D:5      | Found a stormy altar of Qazlal.
  4112 | D:5      | Found a sacrificial altar of Ru.
  4138 | D:5      | Noticed a water moccasin
  4147 | D:5      | Killed a water moccasin
  4160 | D:5      | XOM: harmless Ice miscast
  4230 | D:5      | Reached XP level 8. HP: 54/54 MP: 8/8
  4313 | D:5      | Reached skill level 5 in Dodging
  4440 | D:5      | Reached skill level 5 in Fighting
  4609 | D:5      | XOM: divination: magic mapping
  4778 | D:5      | XOM: medium Pois miscast
  4813 | D:6      | XOM: summons friendly shadow imp
  4815 | D:6      | XOM: cast spell 'Alistair's Intoxication'
  4906 | D:6      | XOM: severe Hex miscast
  4912 | D:6      | XOM: smoke on damage
  4926 | D:6      | XOM: 3-stop teleportation journey
  4932 | D:6      | Reached XP level 9. HP: 19/62 MP: 9/9
  5004 | D:6      | XOM: divination: detect items
  5096 | D:6      | XOM: 5-stop teleportation journey
  5271 | D:6      | XOM: scenery: create altars
  5386 | D:6      | XOM: scenery: create altars
  5401 | D:6      | XOM: scenery: create altars
  5408 | D:6      | XOM: chaos cloud
  5419 | D:6      | Reached skill level 5 in Staves
  5553 | D:6      | XOM: mild Tloc miscast
  5556 | D:6      | XOM: enchant monster (bad)
  5651 | D:6      | XOM: cloud trail
  5807 | D:7      | XOM: harmless Hex miscast
  5807 | D:7      | Noticed a hornet
  5816 | D:7      | XOM: divination: detect creatures
  5823 | D:7      | Killed a hornet
  5823 | D:7      | Reached XP level 10. HP: 56/71 MP: 10/10
  5851 | D:7      | Found a glowing golden altar of the Shining One.
  5857 | D:7      | Found a shadowy altar of Dithmenos.
  5865 | D:7      | Found a burning altar of Makhleb.
  5877 | D:7      | Found an ancient bone altar of Kikubaaqudgha.
  5893 | D:7      | Found a snail-covered altar of Cheibriados.
  6034 | D:7      | XOM: harmless Necr miscast
  6040 | D:7      | XOM: divination: detect items
  6047 | D:7      | XOM: mild Pois miscast
  6129 | D:7      | XOM: noise
  6133 | D:7      | XOM: harmless Ice miscast
  6149 | D:7      | XOM: polymorph crimson imp -> iron imp
  6244 | D:7      | XOM: mild Tmut miscast
  6245 | D:7      | XOM: harmless Necr miscast
  6386 | D:7      | XOM: harmless Conj miscast
  6407 | D:7      | XOM: blink monster(s)
  6410 | D:7      | XOM: enchant monster (bad)
  6623 | D:8      | XOM: repel stairs
  6630 | D:8      | XOM: harmless Tloc miscast
  6632 | D:8      | XOM: destruction
  6635 | D:8      | XOM: give mutations
  6635 | D:8      | Gained mutation: You are resistant to hostile enchantments.
                  | (MR+) [Xom's grace]
  6635 | D:8      | Gained mutation: You have a pair of small horns on your
                  | head. [Xom's grace]
  6635 | D:8      | Gained mutation: Your muscles are strong. (Str +2) [Xom's
                  | grace]
  6635 | D:8      | Gained mutation: Your mind is acute. (Int +2) [Xom's grace]
  6653 | D:8      | XOM: cast spell 'Summon Ice Beast'
  6720 | D:8      | Found a runed translucent gate.
  6721 | D:8      | Found a runed translucent gate.
  6728 | D:8      | Found a runed translucent gate.
  6985 | D:8      | XOM: polymorph orc warrior -> killer bee
  6986 | D:8      | XOM: summons friendly shadow imp
  7054 | D:8      | XOM: polymorph shadow imp -> ufetubus
  7107 | D:8      | Noticed a cyan ugly thing
  7108 | D:8      | Noticed a cyan ugly thing
  7108 | D:8      | Noticed a brown ugly thing
  7108 | D:8      | Noticed a glowing orange brain
  7110 | D:8      | Noticed a brown ugly thing
  7261 | D:8      | XOM: harmless Fire miscast
  7340 | D:8      | Got a pitted falchion
  7341 | D:8      | Identified the +8 falchion of Winter {holy, Str+3} (You
                  | found it on level 8 of the Dungeon)
  7709 | D:9      | Found a shimmering blue altar of Sif Muna.
  7726 | D:9      | XOM: confuse monster(s)
  7819 | D:9      | Identified Sif Muna's Almanac of Earth
  7827 | D:9      | Learned a level 1 spell: Sandblast
  7849 | D:9      | XOM: divination: magic mapping
  7922 | D:9      | Reached skill level 1 in Evocations
  7933 | D:9      | Reached XP level 11. HP: 73/78 MP: 10/12
  8152 | D:9      | Noticed a cyclops
  8176 | D:9      | Killed a cyclops
  8228 | D:9      | XOM: harmless Conj miscast
  8268 | D:9      | Found a staircase to the Lair.
  8294 | D:9      | XOM: harmless Ice miscast
  8456 | D:9      | Noticed a two-headed ogre
  8466 | D:9      | Killed a two-headed ogre
  8466 | D:9      | Reached skill level 5 in Evocations
  8482 | D:9      | XOM: stat loss: -1 Int (13/14)
  8550 | D:9      | Noticed Prince Ribbit
  8556 | D:9      | Killed Prince Ribbit
  8661 | D:9      | XOM: mild Tmut miscast
  8740 | D:10     | Entered Level 10 of the Dungeon
  8861 | D:10     | XOM: cast spell 'Summon Small Mammal'
  8879 | D:10     | XOM: harmless Conj miscast
  8885 | D:10     | XOM: summons friendly shadow imp
  8887 | D:10     | XOM: polymorph shadow imp -> iron imp
  8896 | D:10     | Found a staircase to the Orcish Mines.
  9005 | D:10     | Noticed Grum
  9011 | D:10     | XOM: summons friendly quasit
  9051 | D:10     | XOM: god gift: 42 gold pieces {god gift}
  9168 | D:10     | XOM: divination: magic mapping
  9180 | D:10     | Killed Grum
  9259 | D:10     | XOM: 2-stop teleportation journey
  9333 | D:10     | Noticed Harold
  9345 | D:10     | XOM: enchant monster (bad)
  9350 | D:10     | Killed Harold
  9482 | D:10     | Noticed Erolcha
  9497 | D:10     | XOM: mild Air miscast
  9504 | D:10     | Killed Erolcha
  9763 | D:10     | XOM: medium Hex miscast
  9912 | D:4      | Bought an ichor-stained plate armour for 560 gold pieces
  9923 | D:4      | Identified the cursed +1 plate armour "Gaifeqeth" {rPois
                  | rN+ Int+4 Stlth+} (You bought it in a shop on level 4 of
                  | the Dungeon)
  9927 | D:4      | XOM: mild Summ miscast
  9931 | D:4      | Cast into level 2 of the Abyss (spatial vortex)
  9933 | Abyss:2  | Found a corrupted altar of Lugonu.
  9993 | Abyss:2  | Noticed a glowing orange brain
 10000 | Abyss:3  | XOM: noise
 10009 | Abyss:3  | XOM: divination: detect creatures
 10013 | Abyss:3  | Noticed a tentacled starspawn
 10026 | Abyss:3  | XOM: divination: detect items
 10038 | Abyss:3  | Noticed a thrashing horror
 10092 | Abyss:3  | Noticed a tentacled starspawn
 10092 | Abyss:3  | XOM: confuse monster(s)
 10093 | Abyss:3  | Noticed a large abomination
 10094 | Abyss:3  | Noticed a starcursed mass
 10096 | Abyss:3  | XOM: silly message
 10100 | Abyss:3  | XOM: confuse monster(s)
 10104 | Abyss:3  | Paralysed by accursed screaming for 1 turns
 10109 | Abyss:3  | XOM: harmless Chrm miscast
 10112 | Abyss:3  | Killed from afar by a raiju

Skill      XL: |  1  2  3  4  5  6  7  8  9 10 11 |
---------------+----------------------------------+-----
Fighting       | 3 4 6 7 8 |  8.4
Dodging        | 2 3 4 6 8 9 |  9.4
Long Blades    | 4 |  4.8
Staves         | 1 2 4 5 6 |  6.8
Armour         | 3 |  3.9
Evocations     | 2 9 |  9.4

Action                   |  1- 3 |  4- 6 |  7- 9 | 10-12 || total
-------------------------+-------+-------+-------+-------++-------
Melee: Falchion          |    76 |    37 |       |   100 ||   213
       Quarterstaff      |       |    77 |   251 |   365 ||   693
       Headbutt          |       |       |       |    73 ||    73
Throw: Dart              |       |     6 |     9 |    30 ||    45
Evoke: Wand              |       |       |       |    15 ||    15
  Use: Scroll            |     1 |     7 |     6 |     8 ||    22
       Potion            |       |       |     3 |     9 ||    12
 Stab: Paralysed         |     2 |       |     1 |       ||     3
       Distracted        |       |       |     1 |     1 ||     2
  Eat: Chunk             |       |     5 |     8 |    13 ||    26
       Ration            |       |     1 |       |     2 ||     3
Armor: Leather armour    |    29 |     1 |    70 |    83 ||   183
       Scale mail        |       |    36 |     7 |       ||    43
       Plate armour      |       |       |       |    10 ||    10
Dodge: Dodged            |    66 |    63 |   221 |   451 ||   801
       Rpst.: Falchion   |    22 |     5 |       |    27 ||    54
